 Dungeon Crawl Stone Soup version 0.13-a0-1672-g2e244fd (webtiles) character file.

288 mossmoist the Sneak (level 5, -1/24 HPs)
             Began as a Spriggan Enchanter on June 17, 2013.
             Killed from afar by an orc wizard (6 damage)
             ... with a magic dart
             ... on Level 3 of the Dungeon on June 19, 2013.
             The game lasted 00:29:13 (3011 turns).

mossmoist the Sneak (Spriggan Enchanter)            Turns: 3011, Time: 00:29:13

HP  -1/24        AC  4     Str  4      XL: 5   Next: 16%
MP   5/15        EV 19     Int 18      God:
Gold 130         SH  0     Dex 16      Spells:  5 memorised,  1 level left

Res.Fire  : . . .   See Invis. : +   a - +1,+2 dagger {=f}
Res.Cold  : . . .   Warding    : .   r - +2 robe
Life Prot.: . . .   Conserve   : .   (shield restricted)
Res.Poison: .       Res.Corr.  : .   (helmet restricted)
Res.Elec. : .       Clarity    : .   (no cloak)
Sust.Abil.: . .     Spirit.Shd : .   (gloves unavailable)
Res.Mut.  : .       Stasis     : .   (boots unavailable)
Res.Rott. : .       Flight     : .   (no amulet)
Saprovore : . . .                    (no ring)
                                     (no ring)

@: very slightly contaminated, very quick, somewhat resistant to hostile
enchantments, quite stealthy
A: unfitting armour, see invisible, herbivore 3, speed 3, slow metabolism 2
a: no special abilities


You were on level 3 of the Dungeon.
You were very hungry.

You visited 1 branch of the dungeon, and saw 3 of its levels.

You collected 110 gold pieces.

Inventory:

Hand weapons
 a - a +1,+2 dagger (weapon) {=f}
 n - a +1,+2 short sword of freezing {+f}
 p - a +0,+0 dagger (quivered) {+f}
 u - a +0,+0 short sword {+f}
 z - a +0,+0 hand axe {+f}
 B - a +0,+0 elven dagger {+f}
 D - a cursed -2,-2 dwarven dagger {+f}
 E - a +0,+1 orcish dagger {+f}
 F - a +0,+0 elven dagger {+f}
 H - a +0,+0 spear {+f}
Missiles
 d - 41 darts {=f}
 o - 10 poisoned sling bullets
 q - 14 darts of flame
Armour
 b - a +1 robe
 i - a +0 orcish robe
 r - a +2 robe (worn)
 s - a +0 robe
 v - a cursed -2 elven robe
Comestibles
 t - a banana
 w - a honeycomb
 x - 3 bread rations
 C - a cheese
 J - an apple
Scrolls
 h - a scroll of identify
 l - a scroll of enchant armour
 A - a scroll of recharging {unknown}
Jewellery
 f - an uncursed ring of protection from cold {unknown}
 g - an uncursed amulet of stasis {unknown}
Potions
 e - a potion of porridge
 m - 3 potions of might {unknown}
 G - a potion of restore abilities
Books
 c - a book of Maledictions

   Spells                             Type                      Level
   *Corona                            Hexes                        1
   *Sure Blade                        Hexes/Charms                 2
   *Ensorcelled Hibernation           Hexes/Ice                    2
   Confuse                            Hexes                        3
   Enslavement                        Hexes                        4
   Invisibility                       Hexes                        6
 I - a book of Party Tricks

   Spells                             Type                      Level
   *Summon Butterflies                Summoning                    1
   Apportation                        Translocation                1
   *Blink                             Translocation                2
   Alistair's Intoxication            Transmutation/Poison         4
   Tukima's Dance                     Hexes                        5


   Skills:
 + Level 1.8 Short Blades
 + Level 1.8 Throwing
 * Level 4.4 Dodging
 * Level 5.1 Stealth
 * Level 2.7 Spellcasting
 * Level 4.3 Hexes


You had one spell level left.
You knew the following spells:

 Your Spells              Type           Power        Failure   Level  Hunger
a - Corona                Hex            ###....      2%          1    None
b - Ensorcelled Hibernat  Hex/Ice        ##....       12%         2    ##.....
c - Sure Blade            Hex/Chrm       ##........   12%         2    ##.....
d - Summon Butterflies    Summ           #.......     17%         1    None
e - Blink                 Tloc           N/A          28%         2    ##.....


Dungeon Overview and Level Annotations

Branches:
Dungeon (3/27)

Altars:


Innate Abilities, Weirdness & Mutations

You are tiny and cannot use many weapons and most armour.
You have supernaturally acute eyesight.
You are a herbivore.
You cover ground extremely quickly.
You need consume almost no food.


Message History

Press: ? - help, Shift-Dir - straight line, f/p - orc wizard
Aim: an orc wizard, wielding a runed orcish dagger and wearing an orcish robe (lightly wounded, softly glowing)
You throw an elven dagger {+f}. The elven dagger hits the orc wizard.
The orc wizard is lightly wounded.
Throwing (i - inventory. (,) - cycle):
k - a dwarven dagger (quivered)
{+f}
Press: ? - help, Shift-Dir - straight line, f/p - orc wizard
Aim: an orc wizard, wielding a runed orcish dagger and wearing an orcish robe (lightly wounded, softly glowing)
You throw a dwarven dagger {+f}. The dwarven dagger hits the orc wizard.
The orc wizard is lightly wounded.
The orc wizard gestures at you while chanting.
The magic dart hits you!
* * * LOW HITPOINT WARNING * * *
The orc hits you but does no damage.
The orc wizard gestures wildly while chanting.
The orc wizard blinks!
A worm comes into view.
You see here a dart.
The orc wizard casts a spell at you. The magic dart hits you!
You die...

#. #.#..# ..## .. ....>. !..
## #.#..# #.#
#.#..########.# # #
#####.#.....##....## .#w##
...##.#.....##.....###....#
...##.#.....##.....#....).#
...##.#..#...###)..#......##
.......).......o@(.o........
#####.#...)........(.)...###
#.#.#...#.....###^)..# ##
#.#.#####.....# ###.#
.####.#.#####.....######.#
................%........
.####.#.%.(.............. ##
#.#.#########.#####. #.#.#
#...


You could see an orc wizard and an orc.

Vanquished Creatures
  An ogre skeleton (D:3)
  An iguana (D:3)
  4 adders
  A giant mite (D:3)
  A worm (D:3)
  A giant gecko (D:2)
  An orc (D:3)
  2 ball pythons (D:2)
  6 goblins
  9 hobgoblins
  5 jackals (D:2)
  11 kobolds
  2 quokkas (D:3)
  6 bats
  3 giant newts
  3 rats
57 creatures vanquished.

Notes
Turn   | Place    | Note
--------------------------------------------------------------
     0 | D:1      | mossmoist, the Spriggan Enchanter, began the quest for the Orb.
     0 | D:1      | Reached XP level 1. HP: 9/9 MP: 4/4
   385 | D:1      | Reached XP level 2. HP: 10/13 MP: 6/6
   441 | D:1      | Learned a level 2 spell: Ensorcelled Hibernation
   486 | D:1      | Reached skill level 4 in Hexes
  1214 | D:2      | Reached XP level 3. HP: 13/16 MP: 9/9
  1625 | D:2      | Learned a level 2 spell: Sure Blade
  2679 | D:3      | Reached XP level 4. HP: 21/21 MP: 9/12
  2682 | D:3      | Learned a level 1 spell: Summon Butterflies
  2773 | D:3      | Reached skill level 5 in Stealth
  2815 | D:3      | Reached XP level 5. HP: 14/24 MP: 3/15
  2819 | D:3      | Learned a level 2 spell: Blink
  2898 | D:3      | Upgraded the game from 0.13-a0-1638-g9943704 to 0.13-a0-1660-ga2b9f94
  2898 | D:3      | Upgraded the game from 0.13-a0-1660-ga2b9f94 to 0.13-a0-1672-g2e244fd
  3011 | D:3      | Killed from afar by an orc wizard

Action                   |  1- 3 |  4- 6 || total
-------------------------+-------+-------++-------
Melee: Dagger            |   129 |    36 ||   165
Throw: Dart              |     6 |    11 ||    17
       Dagger            |    21 |    16 ||    37
 Cast: Corona            |    13 |    12 ||    25
       Ensorcelled Hiber |     9 |     6 ||    15
       Sure Blade        |       |     1 ||     1
  Use: Scroll            |     7 |       ||     7
       Potion            |     3 |     4 ||     7
 Stab: Sleeping          |     9 |     5 ||    14
